 Dungeon Crawl Stone Soup version 0.29-a0-1047-g7c58e119a4 (webtiles) character file.

Game seed: 16639149402091225456

271 Zeldest the Caller (level 6, -7/44 HPs)
             Began as a Gnoll Summoner on Aug 16, 2022.
             Shot with an arrow by a centaur (9 damage)
             ... on level 5 of the Dungeon.
             The game lasted 00:05:13 (622 turns).

Zeldest the Caller (Gnoll Summoner)                  Turns: 622, Time: 00:05:13

Health: -7/44      AC:  4    Str:  8    XL:     6   Next: 23%
Magic:  10/14      EV: 13    Int: 16    God:
Gold:   41         SH:  0    Dex: 12    Spells: 6/15 levels left

rFire   . . .      SeeInvis .   h - +1 dagger (venom)
rCold   . . .      Faith    .   (no shield)
rNeg    . . .      Spirit   .   l - +2 robe {Archmagi}
rPois   .          Reflect  .   (no helmet)
rElec   .          Harm     .   (no cloak)
rCorr   .          Rampage  .   (no gloves)
Will    .....      Archmagi +   (no boots)
Stlth   +++.......              (no amulet)
HPRegen 0.14/turn               (no ring)
MPRegen 0.14/turn               (no ring)

@: hasted, very quick
A: fangs 1, strong nose, distributed training
a: no special abilities


You were on level 5 of the Dungeon.
You visited 1 branch of the dungeon, and saw 5 of its levels.

You collected 41 gold pieces.

Inventory:

Hand Weapons
 h - a +1 dagger of venom (weapon)
Missiles
 d - a throwing net
Armour
 l - a +2 robe of the Archmagi (worn)
Magical Staves
 k - a staff of poison
Scrolls
 c - a scroll of vulnerability {unknown}
 e - a scroll of immolation {unknown}
 i - a scroll of acquirement {unknown}
 m - a scroll of noise {unknown}
 n - a scroll of identify {unknown}
Potions
 a - a potion of resistance {unknown}
 f - a potion of haste
 j - a potion of curing {unknown}


   Skills:
 + Level 2.0 Fighting
 + Level 2.0 Short Blades
 + Level 2.0 Long Blades
 + Level 2.0 Axes
 + Level 2.0 Maces & Flails
 + Level 2.0 Polearms
 + Level 2.0 Staves
 + Level 2.0 Ranged Weapons
 + Level 2.0 Throwing
 + Level 2.0 Armour
 + Level 5.0 Dodging
 + Level 4.6 Stealth
 + Level 2.0 Shields
 + Level 2.0 Unarmed Combat
 + Level 5.3 Spellcasting
 + Level 1.5 Conjurations
 + Level 1.5 Hexes
 + Level 7.3 Summonings
 + Level 1.5 Necromancy
 + Level 1.5 Translocations
 + Level 1.5 Transmutations
 + Level 1.5 Fire Magic
 + Level 1.5 Ice Magic
 + Level 1.5 Air Magic
 + Level 1.5 Earth Magic
 + Level 1.5 Poison Magic
 + Level 2.1 Invocations
 + Level 2.0 Evocations


You had 6 spell levels left.
You knew the following spells:

 Your Spells              Type           Power      Damage    Failure   Level
a - Summon Small Mammal   Summ           100%       N/A       1%          1
b - Call Imp              Summ           41%        N/A       1%          2
c - Call Canine Familiar  Summ           41%        N/A       2%          3
d - Summon Guardian Gole  Hex/Summ       27%        N/A       7%          3

Your spell library contained the following spells:

 Spells                   Type           Power      Damage    Failure   Level
 Summon Lightning Spire   Summ/Air       27%        N/A       24%         4


Dungeon Overview and Level Annotations

Branches:
Dungeon (5/15)
 Temple: D:4-7

Altars:
Okawaru

Annotations:
D:3 Ijyb


Innate Abilities, Weirdness & Mutations

You have very sharp teeth.
Your uncanny sense of smell can sniff out nearby items.
Your experience applies equally to all skills.


Message History

The centaur shoots an arrow.
The arrow closely misses your white imp.
The arrow barely misses you.
Your guardian golem disappears in a puff of smoke!
Your white imp gestures at the centaur.
The puff of frost hits the centaur!
A scorpion comes into view.
The centaur unwields a +0 shortbow.
The centaur barely misses your white imp.
The centaur kicks your white imp but does no damage.
You aren't carrying any items that you can evoke.
Okay, then.
Casting: Summon Guardian Golem (dangerous; 7% risk of failure)
Confirm with . or Enter, or press ? or * to list all spells.
You feel a surge of power! The centaur hits your white imp.
Your white imp dies!
Your white imp disappears in a puff of smoke!
What are your orders? t - Bark!
Orders for allies: a - Attack new target. p - Attack previous target. r - Retreat! s - Stop attacking. g - Guard the area. f - Follow me.
Anything else - Cancel.
Gang up on whom?
Press: ? - help, Dir - move target, f/p - centaur
Aim: a centaur (heavily wounded, not watching you) Attack!
The centaur wields a +0 shortbow.
The centaur shoots an arrow.
The arrow hits your wolf!
The centaur shoots an arrow.
The arrow hits your wolf!
Your wolf dies!
Your wolf's corpse disappears in a puff of smoke!
As you read the scroll labelled UNLAZX HEMUBIB, it crumbles to dust.
It is a scroll of amnesia.
Really abort (and waste the scroll)?
Okay, then.
The centaur shoots an arrow.
The arrow hits you!
* * * LOW HITPOINT WARNING * * *
It was a potion of haste.
You feel yourself speed up.
The centaur shoots an arrow.
The arrow hits you!
You die...

#..........
#..........#
#..........#
#..........#
#..........#
#..........#
#..........#
#!.........#
#@..s......#
#.........§#'#####
#......c..§.......
#.................
#........§........
######............
#............
#.....###+###
#.....#.....#


You could see a centaur and a scorpion.

Vanquished Creatures
  An orc wizard (D:3)
  An adder (D:3)
  A dart slug (D:3)
  A giant cockroach (D:2)
  A hobgoblin (D:2)
  2 kobolds
  A quokka (D:3)
  A ball python (D:2)
9 creatures vanquished.

Vanquished Creatures (collateral kills)
  Eustachio (D:5)
  A scorpion (D:5)
  Jessica (D:2)
  An endoplasm (D:1)
  A goblin (D:1)
  4 jackals (D:1)
  A quokka (D:2)
  A bat (D:3)
11 creatures vanquished.

Grand Total: 20 creatures vanquished

Notes
Turn   | Place    | Note
-------+----------+-------------------------------------------
     0 | D:1      | Zeldest the Gnoll Summoner began the quest for the Orb.
     0 | D:1      | Reached XP level 1. HP: 13/13 MP: 6/6
    63 | D:1      | Reached XP level 2. HP: 9/19 MP: 4/7
    66 | D:1      | Learned a level 2 spell: Call Imp
   202 | D:2      | Noticed Jessica
   210 | D:2      | Killed Jessica
   211 | D:2      | Reached skill level 5 in Spellcasting
   211 | D:2      | Reached skill level 1 in Invocations
   211 | D:2      | Reached XP level 3. HP: 14/25 MP: 4/9
   326 | D:3      | Reached skill level 1 in Fighting
   326 | D:3      | Reached skill level 1 in Short Blades
   326 | D:3      | Reached skill level 1 in Long Blades
   326 | D:3      | Reached skill level 1 in Axes
   326 | D:3      | Reached skill level 1 in Maces & Flails
   326 | D:3      | Reached skill level 1 in Polearms
   326 | D:3      | Reached skill level 1 in Staves
   326 | D:3      | Reached skill level 1 in Ranged Weapons
   326 | D:3      | Reached skill level 1 in Throwing
   326 | D:3      | Reached skill level 1 in Armour
   326 | D:3      | Reached skill level 1 in Shields
   326 | D:3      | Reached skill level 1 in Unarmed Combat
   326 | D:3      | Reached skill level 1 in Evocations
   379 | D:3      | Reached skill level 1 in Conjurations
   379 | D:3      | Reached skill level 1 in Hexes
   379 | D:3      | Reached skill level 1 in Necromancy
   379 | D:3      | Reached skill level 1 in Translocations
   379 | D:3      | Reached skill level 1 in Transmutations
   379 | D:3      | Reached skill level 1 in Fire Magic
   379 | D:3      | Reached skill level 1 in Ice Magic
   379 | D:3      | Reached skill level 1 in Air Magic
   379 | D:3      | Reached skill level 1 in Earth Magic
   379 | D:3      | Reached skill level 1 in Poison Magic
   379 | D:3      | Reached XP level 4. HP: 13/32 MP: 7/11
   397 | D:3      | Learned a level 3 spell: Call Canine Familiar
   403 | D:3      | Noticed Ijyb
   532 | D:5      | Entered Level 5 of the Dungeon
   532 | D:5      | Found an iron altar of Okawaru.
   542 | D:5      | Learned a level 3 spell: Summon Guardian Golem
   544 | D:5      | Noticed a scorpion
   553 | D:5      | Killed a scorpion
   554 | D:5      | Reached XP level 5. HP: 17/37 MP: 1/12
   557 | D:5      | Noticed Eustachio
   587 | D:5      | Killed Eustachio
   588 | D:5      | Reached skill level 5 in Dodging
   588 | D:5      | Reached XP level 6. HP: 23/44 MP: 8/14
   621 | D:5      | HP: 2/44 [centaur/arrow (11)]
   622 | D:5      | Shot with an arrow by a centaur

Illustrated notes

Levels and vault maps discovered:
D:1:      wander_arrival_lonely_grave, layout_basic,
          shapermc_ecumenical_altar_acropolis
D:2:      layout_basic, minmay_quadrilaterals, uniq_jessica
D:3:      layout_basic, chequers_decorated_corner, grunt_ministairs_9, uniq_ijyb
D:4:      layout_rooms, minmay_misc_feat_rows, minivault_14, uniq_duvessa
D:5:      layout_gridville, overflow_temple_1_default,
          minmay_temple_entry_drinking_statues, uniq_grinder, uniq_eustachio

Skill      XL: |  1  2  3  4  5 |
---------------+----------------+-----
Spellcasting   | 5 |  5.3
Invocations    | 1 2 |  2.1
Fighting       | 1 2 |  2.0
Short Blades   | 1 2 |  2.0
Long Blades    | 1 2 |  2.0
Axes           | 1 2 |  2.0
Maces & Flails | 1 2 |  2.0
Polearms       | 1 2 |  2.0
Staves         | 1 2 |  2.0
Ranged Weapons | 1 2 |  2.0
Throwing       | 1 2 |  2.0
Armour         | 1 2 |  2.0
Shields        | 1 2 |  2.0
Unarmed Combat | 1 2 |  2.0
Evocations     | 1 2 |  2.0
Conjurations   | 1 |  1.5
Hexes          | 1 |  1.5
Necromancy     | 1 |  1.5
Translocations | 1 |  1.5
Transmutations | 1 |  1.5
Fire Magic     | 1 |  1.5
Ice Magic      | 1 |  1.5
Air Magic      | 1 |  1.5
Earth Magic    | 1 |  1.5
Poison Magic   | 1 |  1.5
Dodging        | 5 |  5.0
Stealth        | |  4.6
Summonings     | |  7.3

Action                   |  1- 3 |  4- 6 || total
-------------------------+-------+-------++-------
Melee: Unarmed           |    11 |       ||    11
       Bite              |     4 |       ||     4
       Dagger            |    29 |     5 ||    34
 Cast: Summon Small Mamm |    13 |     6 ||    19
       Call Imp          |     5 |     3 ||     8
       Call Canine Famil |       |     5 ||     5
       Summon Guardian G |       |     2 ||     2
  Use: Potion            |       |     2 ||     2
       Scroll            |       |     1 ||     1
 Stab: Sleeping          |     1 |       ||     1
Armor: Robe              |    11 |       ||    11
Dodge: Dodged            |    31 |     5 ||    36

Table legend: (Time is in decaauts)
 A = Elapsed time spent in this place.
 B = Non-inter-level travel time spent in this place.
 C = Inter-level travel time spent in this place.
 D = Time resting spent in this place.
 E = Time spent auto-exploring this place.
 F = Levels seen in this place.
 G = Mean time per level.
                   A        B        C        D        E       F      G
               +--------+--------+--------+--------+--------+-----+--------+
         Total |    619 |    575 |     44 |      0 |      5 |   5 |  123.8 |
       Dungeon |    619 |    575 |     44 |      0 |      5 |   5 |  123.8 |
               +--------+--------+--------+--------+--------+-----+--------+

Top non-repeatable levels by time:
     D:2: 255 daAuts
     D:3: 148 daAuts
     D:1: 116 daAuts
     D:5: 89 daAuts
     D:4: 9 daAuts
